Map: Blueshift LE

Players

Mesrob - Winner!

  • Race: Terran Terran
  • League: Gold
  • Spawn Location: 1:00

PetZergling

  • Race: Zerg Zerg
  • League: Silver
  • Spawn Location: 7:00

VOD

Have the link to the VOD?

Description

Time

  • Played on: Jan. 10, 2019, 9 a.m.
  • Length: 17:56
Show
View Real Time Build Order
Export as new Build Order

Mesrob Terran - Winner!

Build Orders: Mech 

Get SALT Encoding   

  12  0:00  SCV  
  13  0:12  SCV  
  14  0:20  Supply Depot  
  14  0:24  SCV  
  15  0:42  SCV  
  16  0:44  Barracks  
  16  0:54  Refinery, SCV  
  17  1:19  Command Center  
  17  1:31  Orbital Command  
  17  1:34  Marine  
  18  2:01  Factory  
  18  2:14  Barracks Tech Lab  
  18  2:37  Supply Depot  
  18  2:39  Bunker  
  18  2:55  Orbital Command  
  18  2:56  Supply Depot, SCV  
  19  3:08  SCV  
  20  3:18  Marine  
  20  3:19  Supply Depot  
  21  3:20  Siege Tank  
  21  3:21  SCV  
  25  3:31  Refinery  
  25  3:33  SCV  
  26  3:37  Supply Depot  
  26  3:38  Marine  
  27  3:43  SCV  
  27  3:44  Refinery  
  27  3:45  SCV  
  29  3:53  Siege Tank  
  29  3:55  SCV  
  33  3:57  SCV  
  34  4:05  Engineering Bay  
  34  4:11  Armory  
  34  4:21  SCV x2  
  36  4:32  Siege Tank  
  36  4:33  SCV  
  36  4:34  SCV  
  36  4:37  Supply Depot  
  41  4:42  Marine  
  42  5:03  Command Center  
  42  5:04  Siege Tank  
  45  5:11  Factory  
  45  5:23  Factory  
  45  5:27  Marine  
  46  5:31  SCV x2  
  48  5:40  Refinery  
  48  5:43  SCV x2  
  50  5:55  SCV x2  
  52  5:57  Marine  
  52  6:02  Factory Tech Lab  
  53  6:06  Factory  
  53  6:07  SCV x2  
  55  6:13  Supply Depot  
  55  6:14  Terran Vehicle Weapons Level 1  
  55  6:15  Supply Depot  
  55  6:16  Orbital Command  
  55  6:19  SCV  
  56  6:25  Command Center  
  56  6:52  SCV  
  56  6:53  SCV  
  58  6:55  Factory Tech Lab, Factory Reactor  
  58  6:58  Thor  
  58  6:59  Thor  
  66  7:20  Bunker  
  61  7:39  Marine  
  61  7:51  Infernal Pre-Igniter  
  61  7:53  Smart Servos  
  61  7:56  Thor  
  61  7:57  Hellbat x2  
  71  8:00  SCV x2  
  73  8:08  Terran Vehicle And Ship Armor Level 1  
  73  8:12  SCV x2  
  75  8:31  Sensor Tower  
  75  8:51  Engineering Bay  
  75  8:52  SCV x2  
  75  8:53  SCV  
  75  8:54  Engineering Bay  
  78  9:25  Refinery  
  78  9:31  Thor x2  
  78  9:32  Thor  
  78  9:34  Hellbat x2  
  100  9:39  SCV x3  
  103  9:47  Supply Depot  
  103  9:49  Supply Depot  
  103  9:51  SCV  
  103  9:52  Armory  
  104  9:55  Hellbat x2  
  108  10:02  Refinery  
  108  10:06  Supply Depot  
  108  10:10  Marine, Supply Depot  
  109  10:14  Supply Depot  
  109  10:20  Missile Turret  
  109  10:28  Marine  
  109  10:29  Supply Depot  
  109  10:30  Thor  
  109  10:31  Thor x2  
  109  10:34  Hellbat x2  
  132  10:40  Missile Turret  
  132  10:45  SCV x2  
  132  10:46  SCV  
  135  10:55  Hellbat x2  
  138  10:57  SCV  
  104  11:13  Thor  
  104  11:14  Thor  
  104  11:15  Hellbat  
  91  11:31  Planetary Fortress  
  86  11:40  Thor  
  86  11:41  Hellbat x2  
  96  11:53  Supply Depot  
  96  11:56  Supply Depot, Terran Vehicle Weapons Level 2, Thor x2  
  96  11:58  Terran Vehicle And Ship Armor Level 2  
  108  12:03  Hellbat x2  
  112  12:15  SCV x2  
  114  12:17  Supply Depot  
  114  12:23  Hellbat  
  114  12:24  Hellbat x2  
  120  12:35  Hi-Sec Auto Tracking  
  120  12:39  Thor x2  
  132  12:44  Siege Tank  
  132  12:51  SCV x2  
  137  13:08  SCV  
  138  13:16  Siege Tank  
  138  13:17  Orbital Command  
  138  13:19  Hellbat  
  143  13:20  Hellbat  
  143  13:21  Thor  
  143  13:22  Thor  
  157  13:32  Supply Depot  
  157  13:37  Factory  
  157  13:40  Hellbat  
  159  13:41  Hellbat  
  159  13:45  Factory  
  161  13:48  Thor  
  161  13:55  Supply Depot  
  167  14:02  Hellbat  
  169  14:03  Hellbat  
  169  14:05  Hellbat, Thor  
  169  14:09  Marine  
  180  14:19  Supply Depot  
  180  14:21  Factory  
  180  14:26  Thor  
  180  14:29  Factory  
  156  14:41  Supply Depot  
  150  14:48  Thor  
  150  14:49  Hellbat, Thor  
  150  14:50  Hellbat  
  166  14:53  SCV x4  
  170  15:03  Supply Depot  
  170  15:05  SCV  
  170  15:06  SCV x3  
  174  15:09  Hellbat  
  176  15:17  SCV  
  181  15:21  Hellbat x2  
  181  15:30  Thor  
  181  15:31  Thor  
  181  15:32  Hellbat  
  199  15:42  Hellbat  
  199  15:43  Hellbat  
  189  16:03  Thor  
  197  16:04  Hellbat x2  
  199  16:25  Hellbat  
Show
View Real Time Build Order
Export as new Build Order

PetZergling Zerg 

Build Orders: Hatch First 

Get SALT Encoding   

  12  0:02  Drone  
  14  0:16  Overlord  
  14  0:18  Drone  
  15  0:42  Drone  
  15  0:43  Drone  
  15  0:46  Drone  
  17  0:57  Drone  
  17  1:00  Hatchery  
  17  1:07  Drone  
  18  1:17  Spawning Pool  
  17  1:18  Drone  
  18  1:32  Drone  
  19  1:42  Extractor  
  19  1:43  Drone  
  19  2:00  Overlord  
  19  2:04  Queen  
  21  2:15  Drone x2  
  23  2:29  Overlord  
  23  2:31  Drone  
  23  2:34  Drone x2  
  23  2:35  Queen  
  28  2:52  Drone  
  28  2:53  Drone  
  28  2:54  Drone  
  28  2:55  Drone  
  32  3:05  Drone  
  33  3:21  Extractor  
  33  3:22  Extractor, Drone x3  
  33  3:23  Drone x2  
  36  3:34  Drone x2  
  37  3:40  Lair  
  37  3:41  Drone x2  
  40  3:49  Evolution Chamber  
  40  3:55  Drone x3  
  42  3:59  Drone x2  
  42  4:01  Overlord  
  42  4:02  Overlord  
  44  4:16  Zerg Missile Weapons Level 1  
  44  4:20  Drone x2  
  44  4:21  Drone  
  44  4:22  Roach Warren  
  46  4:40  Hatchery  
  45  4:47  Queen  
  45  4:50  Overlord  
  45  4:51  Overlord  
  47  5:02  Roach x2  
  51  5:08  Overlord  
  51  5:09  Overlord x3  
  51  5:11  Roach x4  
  51  5:12  Roach x2  
  63  5:15  Glial Reconstitution  
  63  5:21  Roach x2  
  67  5:37  Roach x2  
  67  5:42  Roach x2  
  75  5:50  Roach x2  
  75  5:51  Roach x4  
  87  5:59  Drone x2  
  87  6:00  Drone  
  90  6:09  Roach x3  
  96  6:21  Ravager x2  
  96  6:22  Ravager x5  
  103  6:30  Extractor  
  102  6:33  Hatchery  
  102  6:35  Drone x5  
  102  6:39  Overlord  
  106  6:40  Overlord x3  
  106  6:58  Roach x4  
  106  6:59  Roach x5  
  106  7:00  Roach  
  96  7:20  Overlord  
  96  7:21  Overlord  
  96  7:24  Roach x3  
  96  7:25  Roach x5  
  96  7:26  Roach x2  
  105  7:49  Roach x3  
  105  7:50  Roach x6  
  105  7:51  Roach x2  
  124  8:08  Zerg Missile Weapons Level 2  
  124  8:12  Extractor  
  123  8:14  Extractor  
  122  8:31  Queen  
  124  8:36  Roach x3  
  124  8:37  Roach x5  
  124  8:38  Roach x3  
  124  8:40  Roach  
  148  8:52  Ravager  
  148  8:53  Ravager  
  150  9:02  Overlord  
  150  9:03  Overlord x3  
  150  9:05  Drone x5  
  150  9:06  Drone x3  
  158  9:27  Drone x6  
  158  9:28  Drone x2  
  166  9:32  Roach  
  166  9:33  Roach x5  
  166  9:34  Roach  
  180  9:41  Spire  
  180  9:42  Hydralisk Den  
  178  9:47  Evolution Chamber  
  178  9:50  Drone x2  
  179  9:54  Roach x5  
  179  9:55  Roach  
  191  10:03  Overlord x3  
  191  10:05  Overseer  
  191  10:10  Ravager  
  192  10:14  Zerg Ground Armor Level 1  
  192  10:23  Ravager x4  
  192  10:24  Ravager x3  
  72  11:40  Roach x2  
  72  11:41  Roach x6  
  72  11:42  Roach x6  
  72  11:43  Roach x5  
  72  11:44  Roach x5  
  116  11:55  Infestation Pit  
  115  12:07  Hydralisk  
  115  12:08  Hydralisk x5  
  117  12:09  Hydralisk x3  
  117  12:13  Ravager  
  117  12:14  Ravager x4  
  117  12:15  Hatchery, Ravager x3  
  140  12:17  Ravager  
  141  12:37  Spore Crawler  
  141  12:40  Spine Crawler  
  141  12:41  Spore Crawler, Spine Crawler  
  137  12:51  Queen  
  139  12:54  Extractor  
  139  12:58  Extractor  
  137  13:03  Hydralisk  
  137  13:04  Hydralisk x6, Roach x5  
  137  13:05  Hydralisk x3, Roach x2  
  167  13:06  Roach x2  
  175  13:15  Zerg Ground Armor Level 2  
  175  13:32  Drone  
  175  13:33  Drone x2  
  178  13:35  Drone x3  
  178  13:37  Drone x5  
  178  13:38  Drone x6  
  178  13:39  Drone  
  193  13:42  Hydralisk  
  193  13:43  Roach  
  197  14:23  Roach  
  197  14:24  Roach x3  
  88  14:48  Infestor  
  88  14:49  Infestor x4  
  88  14:50  Infestor x4  
  88  14:51  Infestor  
  110  15:20  Roach x2  
  110  15:21  Roach x5  
  116  15:26  Roach x2  
  96  15:41  Roach x6  
  96  15:42  Roach x6  
  76  16:07  Mutalisk x3  
  76  16:08  Mutalisk  
Tags
 
Composition
Mech
Matchup
TvZ
Replay Pack
sc2 replays
Spawn Locations
Cross Positions
Add a new tag
Caveats
  • Supply blocks, unpowered buildings, or Contaminate may cause inaccurate times.
  • Supply counts are checked every 10 seconds.